ESL (28 & UNDER)
PENQUANNOCK OVERRATED JETER @ SPRINGFIELD SIMPSONS
08/09/2026
 
TOP OF THE 1ST
Penquannock Overrated Jeter batting - Pitching for Springfield Simpsons : RHP Don Wiggins
Pitching: RHP Don Wiggins
Batting: RHB António Rodríguez 0-0: Ground out 5-3 (Groundball, 56)
Batting: SHB Caden Keith 0-0: Called Strike
0-1: Ball
1-1: Ball
2-1: Ball
3-1: Base on Balls
Batting: RHB Doug Brown 0-0: Grounds into double play, 5-4-3 (Groundball, 5L)
Top of the 1st over - 0 run(s), 0 hit(s), 0 error(s), 0 left on base; Penquannock 0 - Springfield 0
BOTTOM OF THE 1ST
Springfield Simpsons batting - Pitching for Penquannock Overrated Jeter : LHP Héctor Díaz
Pitching: LHP Héctor Díaz
Batting: RHB Nick Harris 0-0: SINGLE (Line Drive, 7S)
Batting: RHB Ken McDonald 0-0: Ball
1-0: Ball
2-0: Ball
3-0: Base on Balls
Nick Harris to second
Batting: LHB Tony O'Bryan 0-0: Called Strike
0-1: Foul Ball, location: 2F
0-2: Ball
1-2: Ball
2-2: Foul Ball, location: 2F
2-2: Foul Ball, location: 2F
2-2: Ball
3-2: SINGLE (Line Drive, 4MD)
Nick Harris to third
Ken McDonald to second
Batting: RHB Brant Sherman 0-0: Ball
1-0: Ball
2-0: Grounds into double play, 6-4-3 (Groundball, 6)
Nick Harris scores
Ken McDonald to third
Batting: RHB Gavin Downey 0-0: Called Strike
0-1: Fly out, F9 (Flyball, 89D)
Bottom of the 1st over - 1 run(s), 2 hit(s), 0 error(s), 1 left on base; Penquannock 0 - Springfield 1
TOP OF THE 2ND
Penquannock Overrated Jeter batting - Pitching for Springfield Simpsons : RHP Don Wiggins
Batting: LHB Ron Robinson 0-0: TRIPLE (Flyball, 9M)
Batting: RHB Shi-fu Liu 0-0: 2-RUN HOME RUN (Flyball, 7D), Distance : 368 ft
Batting: RHB Aaron Holt 0-0: Ball
1-0: Ball
2-0: Reached on error, E5 (Groundball, 56)
Batting: RHB Tim Hanson 0-0: Ball
1-0: Ball
2-0: Ball
3-0: Called Strike
3-1: Called Strike
3-2: Strikes out looking
Batting: RHB Armando Pagán 0-0: Ball
1-0: Swinging Strike
1-1: Fly out, F4 (Line Drive, 4)
Batting: LHB Dave Pitts 0-0: Called Strike
0-1: Ground out U3 (Groundball, 3)
Top of the 2nd over - 2 run(s), 2 hit(s), 1 error(s), 1 left on base; Penquannock 2 - Springfield 1
BOTTOM OF THE 2ND
Springfield Simpsons batting - Pitching for Penquannock Overrated Jeter : LHP Héctor Díaz
Batting: RHB Manny Ramírez 0-0: Foul Ball, location: 2F
0-1: Called Strike
0-2: Ground out 6-3 (Groundball, 6)
Batting: LHB Pedro Cerda 0-0: Called Strike
0-1: Called Strike
0-2: Ball
1-2: Foul Ball, location: 2F
1-2: Ball
2-2: Strikes out looking
Batting: RHB Esteban Salas 0-0: Called Strike
0-1: Ball
1-1: Ball
2-1: Called Strike
2-2: Fly out, F7 (Flyball, 78S)
Bottom of the 2nd over - 0 run(s), 0 hit(s), 0 error(s), 0 left on base; Penquannock 2 - Springfield 1
TOP OF THE 3RD
Penquannock Overrated Jeter batting - Pitching for Springfield Simpsons : RHP Don Wiggins
Batting: RHB António Rodríguez 0-0: Ball
1-0: Called Strike
1-1: Ground out 6-3 (Groundball, 6M)
Batting: SHB Caden Keith 0-0: Called Strike
0-1: Fly out, F8 (Line Drive, 8LM)
Batting: RHB Doug Brown 0-0: Ball
1-0: Foul Ball, location: 2F
1-1: Fly out, F7 (Line Drive, 78S)
Top of the 3rd over - 0 run(s), 0 hit(s), 0 error(s), 0 left on base; Penquannock 2 - Springfield 1
BOTTOM OF THE 3RD
Springfield Simpsons batting - Pitching for Penquannock Overrated Jeter : LHP Héctor Díaz
Batting: RHB Jeff Lloyd 0-0: Swinging Strike
0-1: Called Strike
0-2: Foul Ball, location: 2F
0-2: Ball
1-2: Strikes out looking
Batting: RHB Nick Harris 0-0: Called Strike
0-1: Called Strike
0-2: Ball
1-2: Ball
2-2: Ball
3-2: Foul Ball, location: 2F
3-2: Ground out 4-3 (Groundball, 34)
Batting: RHB Ken McDonald 0-0: Called Strike
0-1: Ball
1-1: Ball
2-1: Ball
3-1: Foul Ball, location: 2F
3-2: SINGLE (Groundball, 56D)
Batting: LHB Tony O'Bryan 0-0: Ball
1-0: Foul Ball, location: 2F
1-1: Ball
2-1: Fly out, F7 (Flyball, 7M)
Bottom of the 3rd over - 0 run(s), 1 hit(s), 0 error(s), 1 left on base; Penquannock 2 - Springfield 1
TOP OF THE 4TH
Penquannock Overrated Jeter batting - Pitching for Springfield Simpsons : RHP Don Wiggins
Batting: LHB Ron Robinson 0-0: Foul Ball, location: 2F
0-1: DOUBLE (Line Drive, 9LM)
Batting: RHB Shi-fu Liu 0-0: Foul Ball, location: 2F
0-1: SINGLE (Groundball, 56S) (infield hit)
Ron Robinson to third
Batting: RHB Aaron Holt 0-0: Ball
1-0: Called Strike
1-1: Foul Ball, location: 2F
1-2: Fly out, F3 (Popup, 23)
Batting: RHB Tim Hanson 0-0: Ball
1-0: Foul Ball, location: 2F
1-1: Ball
2-1: Swinging Strike
2-2: Fly out, F7 (Flyball, 78XD)
Runner from 3rd tags up, SCORES, no throw
Batting: RHB Armando Pagán 0-0: Called Strike
0-1: Foul Ball, location: 2F
0-2: Fly out, F5 (Popup, 25F)
Top of the 4th over - 1 run(s), 2 hit(s), 0 error(s), 1 left on base; Penquannock 3 - Springfield 1
BOTTOM OF THE 4TH
Springfield Simpsons batting - Pitching for Penquannock Overrated Jeter : LHP Héctor Díaz
Batting: RHB Brant Sherman 0-0: Called Strike
0-1: Ball
1-1: Ball
2-1: Fly out, F4 (Popup, 6MD)
Batting: RHB Gavin Downey 0-0: Ball
1-0: Foul Ball, location: 2F
1-1: Ball
2-1: Called Strike
2-2: Strikes out swinging
Batting: RHB Manny Ramírez 0-0: Ball
1-0: SINGLE (Line Drive, 6MD)
Batting: LHB Pedro Cerda 0-0: Ball
1-0: Called Strike
1-1: Ball
2-1: Ball
3-1: Base on Balls
Manny Ramírez to second
Batting: RHB Esteban Salas 0-0: Called Strike
0-1: Ball
1-1: Ball
2-1: Foul Ball, location: 2F
2-2: Ball
3-2: Base on Balls
Manny Ramírez to third
Pedro Cerda to second
Pitching: RHP Javier González
Batting: RHB Jeff Lloyd 0-0: Swinging Strike
0-1: Foul Ball, location: 2F
0-2: Strikes out swinging
Bottom of the 4th over - 0 run(s), 1 hit(s), 0 error(s), 3 left on base; Penquannock 3 - Springfield 1
TOP OF THE 5TH
Penquannock Overrated Jeter batting - Pitching for Springfield Simpsons : RHP Don Wiggins
Batting: LHB Dave Pitts 0-0: Ball
1-0: Ball
2-0: Called Strike
2-1: Ball
3-1: Base on Balls
Batting: RHB António Rodríguez 0-0: Ball
1-0: Foul Ball, location: 2F
1-1: Ground out 4-3 (Groundball, 4M)
Dave Pitts to second
Batting: SHB Caden Keith 0-0: TRIPLE (Flyball, 9M)
Dave Pitts scores
Batting: RHB Doug Brown 0-0: Ball
1-0: SINGLE (Line Drive, 7S)
Caden Keith scores
Batting: LHB Ron Robinson 0-0: Ball
1-0: Grounds into double play, 4-6-3 (Groundball, 4)
Top of the 5th over - 2 run(s), 2 hit(s), 0 error(s), 0 left on base; Penquannock 5 - Springfield 1
BOTTOM OF THE 5TH
Springfield Simpsons batting - Pitching for Penquannock Overrated Jeter : RHP Javier González
Batting: RHB Nick Harris 0-0: Ball
1-0: Ball
2-0: Ball
3-0: Base on Balls
Batting: RHB Ken McDonald 0-0: Called Strike
0-1: Ball
1-1: Swinging Strike
1-2: Foul Ball, location: 2F
1-2: Fly out, F7 (Flyball, 7M)
1-2: Fly out, F7 (Flyball, 7M)
Batting: LHB Tony O'Bryan 0-0: Ball
1-0: Called Strike
1-1: Ball
2-1: Ball
3-1: DOUBLE (Flyball, 7D)
Nick Harris to third
Batting: RHB Brant Sherman 0-0: Called Strike
0-1: Swinging Strike
0-2: Strikes out swinging
Batting: RHB Gavin Downey 0-0: Ball
1-0: Ball
2-0: Called Strike
2-1: Fly out, F2 (Popup, 2RF)
Bottom of the 5th over - 0 run(s), 1 hit(s), 0 error(s), 2 left on base; Penquannock 5 - Springfield 1
TOP OF THE 6TH
Penquannock Overrated Jeter batting - Pitching for Springfield Simpsons : RHP Don Wiggins
Batting: RHB Shi-fu Liu 0-0: SINGLE (Line Drive, 56)
Batting: RHB Aaron Holt 0-0: Called Strike
0-1: Ball
1-1: Fly out, F8 (Flyball, 8RXD)
Runner from 1st tags up, SAFE at 2nd
Batting: RHB Tim Hanson 0-0: Fly out, F7 (Flyball, 7D)
Runner from 2nd tags up, SAFE at 3rd, no throw
Batting: RHB Armando Pagán 0-0: Ground out 6-3 (Groundball, 6M)
Top of the 6th over - 0 run(s), 1 hit(s), 0 error(s), 1 left on base; Penquannock 5 - Springfield 1
BOTTOM OF THE 6TH
Springfield Simpsons batting - Pitching for Penquannock Overrated Jeter : RHP Javier González
Batting: RHB Manny Ramírez 0-0: Ball
1-0: Called Strike
1-1: Foul Ball, location: 2F
1-2: Foul Ball, location: 2F
1-2: Strikes out looking
Batting: LHB Pedro Cerda 0-0: Ball
1-0: Ball
2-0: Foul Ball, location: 2F
2-1: Called Strike
2-2: Strikes out swinging
Batting: RHB Esteban Salas 0-0: SINGLE (Groundball, 56)
Batting: RHB Jeff Lloyd 0-0: Called Strike
0-1: Called Strike
0-2: Ball
1-2: Foul Ball, location: 2F
1-2: Fly out, F8 (Flyball, 8RM)
Bottom of the 6th over - 0 run(s), 1 hit(s), 0 error(s), 1 left on base; Penquannock 5 - Springfield 1
TOP OF THE 7TH
Penquannock Overrated Jeter batting - Pitching for Springfield Simpsons : RHP Don Wiggins
Batting: LHB Dave Pitts 0-0: Ball
1-0: Ball
2-0: Called Strike
2-1: Ball
3-1: Swinging Strike
3-2: Foul Ball, location: 2F
3-2: Strikes out swinging
Batting: RHB António Rodríguez 0-0: Called Strike
0-1: Foul Ball, location: 2F
0-2: Strikes out swinging
Batting: SHB Caden Keith 0-0: Ball
1-0: Ball
2-0: Called Strike
2-1: Ball
3-1: Foul Ball, location: 2F
3-2: Base on Balls
Batting: RHB Doug Brown 0-0: Ball
1-0: Foul Ball, location: 2F
1-1: Ball
2-1: Called Strike
2-2: Foul Ball, location: 2F
2-2: SINGLE (Groundball, 56D)
Caden Keith to second
Batting: LHB Ron Robinson 0-0: Ball
1-0: Ball
2-0: Foul Ball, location: 2F
2-1: Ground out 4-3 (Groundball, 4)
Top of the 7th over - 0 run(s), 1 hit(s), 0 error(s), 2 left on base; Penquannock 5 - Springfield 1
BOTTOM OF THE 7TH
Springfield Simpsons batting - Pitching for Penquannock Overrated Jeter : RHP Javier González
Batting: RHB Nick Harris 0-0: Ball
1-0: Foul Ball, location: 2F
1-1: Called Strike
1-2: Ball
2-2: Ground out 4-3 (Groundball, 4M)
Pitching: RHP Santiago González
Batting: RHB Ken McDonald 0-0: Foul Ball, location: 2F
0-1: Called Strike
0-2: Ball
1-2: Fly out, F9 (Popup, 9S)
Batting: LHB Tony O'Bryan 0-0: Ball
1-0: Ball
2-0: Ball
3-0: Base on Balls
Batting: RHB Brant Sherman 0-0: Foul Ball, location: 2F
0-1: Ball
1-1: Ball
2-1: Foul Ball, location: 2F
2-2: Strikes out swinging
Bottom of the 7th over - 0 run(s), 0 hit(s), 0 error(s), 1 left on base; Penquannock 5 - Springfield 1
TOP OF THE 8TH
Penquannock Overrated Jeter batting - Pitching for Springfield Simpsons : RHP Don Wiggins
Batting: RHB Shi-fu Liu 0-0: Ball
1-0: Fly out, F9 (Flyball, 89M)
Batting: RHB Aaron Holt 0-0: Ball
1-0: Ball
2-0: SINGLE (Flyball, 89S)
Pitching: LHP Rubén Rico
Batting: RHB Tim Hanson 0-0: Foul Ball, location: 2F
0-1: Ball
1-1: Swinging Strike
1-2: Strikes out swinging
Batting: RHB Armando Pagán 0-0: Ball
1-0: Ball
2-0: Fielders Choice at 2nd, 4-6 (Groundball, 4MD)
Top of the 8th over - 0 run(s), 1 hit(s), 0 error(s), 0 left on base; Penquannock 5 - Springfield 1
BOTTOM OF THE 8TH
Springfield Simpsons batting - Pitching for Penquannock Overrated Jeter : RHP Santiago González
Batting: RHB Gavin Downey 0-0: Ground out 1-3 (Groundball, 13S)
Batting: RHB Manny Ramírez 0-0: Ball
1-0: Foul Ball, location: 2F
1-1: Foul Ball, location: 2F
1-2: Foul Ball, location: 2F
1-2: Strikes out swinging
Batting: LHB Pedro Cerda 0-0: Called Strike
0-1: Called Strike
0-2: SINGLE (Groundball, 34)
Batting: RHB Esteban Salas 0-0: Swinging Strike
0-1: Ball
1-1: Called Strike
1-2: Strikes out swinging
Bottom of the 8th over - 0 run(s), 1 hit(s), 0 error(s), 1 left on base; Penquannock 5 - Springfield 1
TOP OF THE 9TH
Penquannock Overrated Jeter batting - Pitching for Springfield Simpsons : LHP Rubén Rico
Batting: LHB Dave Pitts 0-0: Foul Ball, location: 2F
0-1: Called Strike
0-2: Ball
1-2: Ball
2-2: SINGLE (Groundball, 25) (infield hit)
Batting: RHB António Rodríguez 0-0: Bunted foul
0-1: Sac Bunt - play at first, batter OUT! 3-4
Dave Pitts to second
Batting: SHB Caden Keith 0-0: Ball
1-0: Swinging Strike
1-1: Ball
2-1: Foul Ball, location: 2F
2-2: Strikes out swinging
Batting: RHB Doug Brown 0-0: Ball
1-0: DOUBLE (Line Drive, 7LD)
Dave Pitts scores
Batting: LHB Ron Robinson 0-0: Foul Ball, location: 2F
0-1: Ground out U3 (Groundball, 3L)
Top of the 9th over - 1 run(s), 2 hit(s), 0 error(s), 1 left on base; Penquannock 6 - Springfield 1
BOTTOM OF THE 9TH
Springfield Simpsons batting - Pitching for Penquannock Overrated Jeter : RHP Santiago González
Batting: RHB Jeff Lloyd 0-0: Foul Ball, location: 2F
0-1: Ball
1-1: Foul Ball, location: 2F
1-2: Strikes out looking
Batting: RHB Nick Harris 0-0: Ball
1-0: Fly out, F3 (Popup, 3SF)
Batting: RHB Ken McDonald 0-0: Ground out 5-3 (Groundball, 56S)
Bottom of the 9th over - 0 run(s), 0 hit(s), 0 error(s), 0 left on base; Penquannock 6 - Springfield 1
Monday, December 5th, 2016 - OOTP Baseball 17.12 Build 75